 Dungeon Crawl Stone Soup version 0.23.1-37-gaa34b87b72 (webtiles) character file.

Game seed: 3677537492268592529

49355 PentaManta the Spry (level 14, -8/125 HPs)
             Began as a Merfolk Berserker on Mar 26, 2019.
             Was a High Priest of Trog.
             Mangled by a 15-headed hydra (10 damage)
             ... on level 2 of the Lair of Beasts.
             The game lasted 00:53:07 (16240 turns).

PentaManta the Spry (Merfolk Berserker)            Turns: 16240, Time: 00:53:07

Health: -8/125     AC: 14    Str: 19    XL:     14   Next: 50%
Magic:  14/14      EV: 21    Int:  6    God:    Trog [*****.]
Gold:   590        SH:  3    Dex: 17    Spells: 13/13 levels left

rFire    . . .     SeeInvis .   R - +1 glaive (venom)
rCold    + + +     Gourm    .   (shield currently unavailable)
rNeg     . . .     Faith    .   H - +2 ice dragon scales of Foidommo {rF- rC++ Regen+ Stlth+}
rPois    +         Spirit   .   q - +0 helmet
rElec    .         Reflect  +   b - scarf {rC+ rF+}
rCorr    .         Harm     .   C - +0 pair of gloves
MR       +....                  x - +0 pair of boots
Stlth    +.........             J - +3 amulet of reflection
HPRegen  0.70/turn              (no ring)
MPRegen  0.14/turn              K - ring of poison resistance

@: berserk cooldown, slowed, very slow
A: change form in water, swift swim, stealthy swim
a: Berserk, Trog's Hand, Brothers in Arms, Renounce Religion


You were on level 2 of the Lair of Beasts.
You worshipped Trog.
Trog was extremely pleased with you.
You were near starving.

You visited 2 branches of the dungeon, and saw 18 of its levels.
You also visited: Ice Cave.

You collected 1256 gold pieces.
You spent 666 gold pieces at shops.

Inventory:

Hand Weapons
 P - a +3 bardiche of draining
 R - a +1 glaive of venom (weapon)
Missiles
 o - 578 stones (quivered)
 N - 2 throwing nets
Armour
 b - a scarf of resistance (worn)
 q - a +0 helmet (worn)
 x - a +0 pair of boots (worn)
 C - a +0 pair of gloves (worn)
 H - the +2 ice dragon scales of Foidommo (worn) {rF- rC++ Regen+ Stlth+}
   (You found it in an ice cave)

   It makes you vulnerable to fire.
   It greatly protects you from cold.
   It increases your rate of regeneration.
   It makes you more stealthy.
Jewellery
 J - a +3 amulet of reflection (around neck)
 K - a ring of poison resistance (right hand)
Wands
 a - a wand of disintegration (2)
 h - a wand of digging (17)
 n - a wand of random effects (7)
 s - a wand of scattershot (4)
 v - a wand of enslavement (28)
 y - a wand of polymorph (8)
 D - a wand of iceblast (13)
 G - a wand of paralysis (11)
 W - a wand of acid (8)
Scrolls
 d - 2 scrolls of fear
 e - a scroll of magic mapping
 f - 2 scrolls of fog
 j - 5 scrolls of enchant armour
 l - 7 scrolls of teleportation
 m - 2 scrolls of enchant weapon
 Q - 5 scrolls of remove curse
Potions
 g - 2 potions of lignification
 i - 3 potions of curing
 k - a potion of cancellation
 r - 4 potions of might
 t - 9 potions of heal wounds
 u - 2 potions of mutation
 w - 3 potions of magic
 z - 3 potions of flight
 B - 3 potions of ambrosia
 E - 2 potions of brilliance
 I - 2 potions of invisibility {unknown}
 L - 4 potions of agility {unknown}
 M - a potion of berserk rage {unknown}
Miscellaneous
 T - a lamp of fire
Comestibles
 c - 31 rations


   Skills:
 + Level 16.0 Fighting
 * Level 17.5 Polearms
 - Level 1.3 Armour
 + Level 18.4 Dodging


You had 13 spell levels left.
You didn't know any spells.
Your spell library was empty.

Dungeon Overview and Level Annotations

Branches:
Dungeon (15/15)            Temple (0/1) D:7            Lair (3/6) D:10
  Swamp (0/4) Lair:2          Orc (0/2) D:11         Vaults (0/5) D:13
 Depths (0/5) D:15
  Snake: Lair:2-4    Spider: Lair:2-4

Altars:
Cheibriados
Dithmenos
Elyvilon
Fedhas
Makhleb
Nemelex Xobeh
Okawaru
Ru
Sif Muna
Trog
Wu Jian
Zin
The Shining One
Beogh

Shops:
D:12 !(%=

Annotations:
D:10 3 runed translucent doors, acidapple's ghost, journeyman DgFE
D:12 1 runed translucent door


Message History

The bullfrog completely misses you.
You feel a strong urge to attack something.
You are no longer berserk.
You are exhausted.
You feel yourself slow down. The bullfrog misses you. The bullfrog misses you.
You block the bullfrog's attack.
Okay, then.
Your ogre goes berserk!
You are near starving!
The bullfrog barely misses you. x2; The 15-headed hydra misses you.
The 15-headed hydra closely misses you. The 15-headed hydra bites you!
* * * LOW HITPOINT WARNING * * *
The 15-headed hydra bites you!
* * * LOW HITPOINT WARNING * * *
The 15-headed hydra bites you but does no damage.
The 15-headed hydra bites you.
* * * LOW HITPOINT WARNING * * *
The 15-headed hydra closely misses you. The 15-headed hydra bites you!
You die...

.................................
...............................♣.
..............................♣♣♣
..............>..............♣♣≈≈
.........##......####.#......♣♣≈≈
......#####......## ###.....♣.≈≈≈
......# #.......# ##......♣≈≈§
......### ##...DF## ##P.....♣♣≈§§
....[.#.####....@## #.P.....♣♣§≈§
.......#.#PP......###........♣≈♣≈
#.............O............#...♣♣
###.......................###†.♣♣
# ##.....................## ##††.
#....................P# #†..
##P.................### ##..
###...............#.# #..
###P#......####.### #..


You could see a 15-headed hydra, a bullfrog and a friendly ogre (berserk).

Vanquished Creatures
  Jorgrun (D:13)
  A stone giant (D:11)
  A very ugly thing (D:10)
  2 ogre magi (D:11)
  Harold (D:11)
  4 hydras
  3 centaur warriors
  A vault guard (D:13)
  2 two-headed ogres
  A catoblepas (D:15)
  Erica (D:8)
  A deep troll earth mage (D:11)
  A skeletal warrior (D:15)
  A glowing orange brain (D:10)
  A flayed ghost (D:11)
  A phantasmal warrior (D:15)
  3 wizards (D:13)
  A wolf spider zombie (D:14)
  A necromancer (D:15)
  Pikel (D:8)
  5 ugly things
  A frost giant zombie (D:15)
  2 manticores
  A spriggan zombie (D:15)
  Maurice (D:8)
  5 centaur skeletons
  Psyche (D:8)
  3 ice statues (IceCv)
  2 gargoyles
  3 spiny frogs
  2 komodo dragons
  A rime drake (Lair:2)
  A yaktaur zombie (D:15)
  2 ice devils (D:13)
  A guardian mummy (D:15)
  A tengu conjurer (D:14)
  5 trolls
  A hornet (D:8)
  4 hippogriffs
  An ettin skeleton (D:15)
  2 wraiths
  3 shadows
  2 wyverns
  18 yaks
  4 basilisks
  20 humans (D:13)
  8 vampire mosquitoes
  3 hungry ghosts
  A soldier ant (D:14)
  7 water moccasins
  An acid dragon (D:15)
  3 porcupines
  5 sky beasts
  A black bear (D:11)
  7 ice beasts
  A slave (D:8)
  7 orc warriors
  A necrophage (D:9)
  A phantom (D:7)
  A wolf (Lair:3)
  8 ogres
  17 centaurs
  6 crocodiles
  14 bullfrogs
  Blork the orc (D:5)
  A gnoll sergeant (D:8)
  6 scorpions
  A water moccasin skeleton (D:7)
  A wyvern skeleton (D:8)
  17 killer bees
  7 wights (D:8)
  3 howler monkeys
  4 crimson imps
  9 hounds
  3 bullfrog zombies
  4 jellies
  7 orc priests
  3 bullfrog skeletons
  2 iguanas
  7 orc wizards
  11 worker ants
  A killer bee zombie (D:8)
  A hound zombie (D:3)
  2 hound skeletons
  A mummy (D:5)
  A howler monkey zombie (D:5)
  Robin (D:2)
  6 gnolls
  9 adders
  2 shadow imps
  6 oozes
  A worm (D:2)
  4 leopard geckos
  39 orcs
  6 bats
  4 giant cockroaches
  16 goblins
  11 hobgoblins
  6 jackals
  4 kobolds
  4 quokkas
  3 frilled lizards
  3 hobgoblin zombies (D:5)
  An orc zombie (D:5)
  A quokka skeleton (D:10)
  4 rats
437 creatures vanquished.

Vanquished Creatures (others)
  2 slaves (D:8)
  A centaur (D:13)
  A wight (D:8)
  An orc wizard (D:9)
  10 plants (D:10)
  2 withered plants (D:15)
17 creatures vanquished.

Grand Total: 454 creatures vanquished

Notes
Turn   | Place    | Note
-------+----------+-------------------------------------------
     0 | D:1      | PentaManta the Merfolk Berserker began the quest for the
                  | Orb.
     0 | D:1      | Reached XP level 1. HP: 18/18 MP: 1/1
   198 | D:1      | Reached skill level 3 in Dodging
   260 | D:1      | Reached XP level 2. HP: 24/24 MP: 2/2
   851 | D:2      | Reached skill level 5 in Polearms
   878 | D:2      | Noticed a howler monkey
   891 | D:2      | Killed a howler monkey
   891 | D:2      | Reached XP level 3. HP: 15/30 MP: 3/3
   975 | D:2      | Noticed Robin
   981 | D:2      | Killed Robin
   981 | D:2      | Reached XP level 4. HP: 37/37 MP: 4/4
   988 | D:2      | Reached skill level 4 in Dodging
  1112 | D:2      | Reached ** piety under Trog
  1450 | D:3      | Reached XP level 5. HP: 43/43 MP: 5/5
  1696 | D:3      | Reached skill level 5 in Dodging
  1806 | D:3      | Found a burning altar of Makhleb.
  1946 | D:3      | Noticed an ice beast
  1952 | D:3      | Killed an ice beast
  1952 | D:3      | Reached skill level 5 in Fighting
  1952 | D:3      | Reached XP level 6. HP: 40/51 MP: 6/6
  2209 | D:4      | Found a glowing golden altar of the Shining One.
  2234 | D:4      | Reached skill level 6 in Dodging
  2234 | D:4      | Reached XP level 7. HP: 41/57 MP: 7/7
  2524 | D:4      | Reached *** piety under Trog
  2898 | D:5      | Entered Level 5 of the Dungeon
  2918 | D:5      | Reached skill level 7 in Dodging
  2950 | D:5      | Reached XP level 8. HP: 63/65 MP: 8/8
  3384 | D:5      | Found an iron altar of Okawaru.
  3478 | D:5      | Noticed Blork the orc
  3483 | D:5      | Killed Blork the orc
  3575 | D:5      | Reached skill level 8 in Dodging
  3799 | D:6      | Found a deep blue altar of Sif Muna.
  3827 | D:6      | Found a bloodstained altar of Trog.
  3896 | D:6      | Reached skill level 10 in Polearms
  4095 | D:6      | Found a glowing silver altar of Zin.
  4249 | D:6      | Found a shadowy altar of Dithmenos.
  4476 | D:7      | Reached XP level 9. HP: 74/74 MP: 9/9
  4527 | D:7      | Reached skill level 9 in Dodging
  4592 | D:7      | Found a staircase to the Ecumenical Temple.
  5158 | D:8      | Noticed Psyche
  5171 | D:8      | Killed Psyche
  5173 | D:8      | Reached skill level 10 in Dodging
  5205 | D:8      | Reached **** piety under Trog
  5388 | D:8      | Noticed Maurice
  5400 | D:8      | Killed Maurice
  5400 | D:8      | Reached XP level 10. HP: 83/83 MP: 10/10
  5450 | D:8      | Noticed Erica
  5463 | D:8      | Killed Erica
  5463 | D:8      | Reached skill level 11 in Dodging
  5557 | D:8      | Noticed Pikel
  5568 | D:8      | Killed Pikel
  5715 | D:8      | Reached skill level 10 in Fighting
  5789 | D:8      | Paralysed by a hornet for 2 turns
  6004 | D:8      | Found a sparkling altar of Nemelex Xobeh.
  6050 | D:8      | Found a blossoming altar of Fedhas.
  6050 | D:8      | Found a faded altar of an unknown god.
  6055 | D:8      | Found an ornate altar of the Wu Jian Council.
  6057 | D:8      | Found a snail-covered altar of Cheibriados.
  6058 | D:8      | Found a faded altar of an unknown god.
  6137 | D:8      | Found a white marble altar of Elyvilon.
  6306 | D:9      | Found a sacrificial altar of Ru.
  6422 | D:9      | Reached skill level 12 in Dodging
  7045 | D:9      | Reached XP level 11. HP: 92/92 MP: 11/11
  7109 | D:10     | Entered Level 10 of the Dungeon
  7154 | D:10     | Found a staircase to the Lair.
  7208 | D:10     | Found a white marble altar of Elyvilon.
  7236 | D:10     | Found a runed translucent gate.
  7236 | D:10     | Found a runed translucent gate.
  7237 | D:10     | Noticed a purple ugly thing
  7238 | D:10     | Found a runed translucent gate.
  7238 | D:10     | Noticed a glowing orange brain
  7238 | D:10     | Noticed a green ugly thing
  7239 | D:10     | Noticed a green ugly thing
  7240 | D:10     | Noticed a cyan very ugly thing
  7526 | D:10     | Got a pitted dagger
  8169 | D:11     | Noticed Harold
  8188 | D:11     | Killed Harold
  8188 | D:11     | Reached ***** piety under Trog
  8253 | D:11     | Noticed a two-headed ogre
  8259 | D:11     | Killed a two-headed ogre
  8259 | D:11     | Reached skill level 13 in Dodging
  8287 | D:11     | Found a staircase to the Orcish Mines.
  8339 | D:11     | Found a roughly hewn altar of Beogh.
  8595 | D:11     | Noticed an ogre mage
  8597 | D:11     | Paralysed by an ogre mage for 6 turns
  8605 | D:11     | Killed an ogre mage
  8657 | D:11     | Noticed an ogre mage
  8668 | D:11     | Killed an ogre mage
  8688 | D:11     | Noticed an eight-headed hydra
  8695 | D:11     | Killed an eight-headed hydra
  8695 | D:11     | Reached skill level 15 in Polearms
  8737 | D:11     | Noticed a flayed ghost
  8743 | D:11     | Killed a flayed ghost
  8754 | D:11     | Noticed a stone giant
  8773 | D:11     | Killed a stone giant
  8773 | D:11     | Reached skill level 14 in Dodging
  8773 | D:11     | Reached XP level 12. HP: 41/102 MP: 12/12
  8882 | D:11     | Noticed a deep troll earth mage
  8885 | D:11     | Killed a deep troll earth mage
  8955 | D:11     | Found the +6 lightning scales {run, rElec}
  9187 | D:12     | Found Matyp's Weapon Boutique.
  9233 | D:12     | Found Widoycky's Food Shoppe.
  9297 | D:12     | Received a gift from Trog
  9344 | D:12     | Found Dimofi Mera's Jewellery Shoppe.
  9651 | D:12     | Found Biylontoj's Distillery.
  9655 | D:12     | Bought a potion of ambrosia for 144 gold pieces
  9655 | D:12     | Bought a potion of might for 72 gold pieces
  9655 | D:12     | Bought a potion of might for 72 gold pieces
  9655 | D:12     | Bought a potion of curing for 54 gold pieces
  9655 | D:12     | Bought 2 potions of curing for 108 gold pieces
  9655 | D:12     | Bought a potion of might for 72 gold pieces
  9655 | D:12     | Bought a potion of curing for 54 gold pieces
  9655 | D:12     | Bought a potion of heal wounds for 90 gold pieces
  9656 | D:12     | Found a runed translucent door.
  9661 | D:12     | Noticed an ettin
  9662 | D:12     | Noticed a war gargoyle
  9662 | D:12     | Noticed an ettin
  9855 | D:13     | Found a frozen archway.
  9990 | IceCv    | Entered an ice cave
 10140 | IceCv    | Identified the cursed +0 dagger of Indomitability {freeze,
                  | Str+8 Stlth+} (You found it on level 10 of the Dungeon)
 11038 | IceCv    | Got spiked ice dragon scales
 11056 | IceCv    | Identified the +2 ice dragon scales of Foidommo {rF- rC++
                  | Regen+ Stlth+} (You found it in an ice cave)
 11124 | D:13     | Reached skill level 15 in Dodging
 11219 | D:13     | Noticed a centaur warrior
 11240 | D:13     | Killed a centaur warrior
 11272 | D:13     | Noticed Jorgrun
 11291 | D:13     | Killed Jorgrun
 11291 | D:13     | Reached XP level 13. HP: 111/111 MP: 13/13
 11385 | D:13     | Found a sacrificial altar of Ru.
 11569 | D:13     | Reached skill level 16 in Dodging
 11674 | D:13     | Noticed a vault guard
 11689 | D:13     | Killed a vault guard
 11733 | D:13     | Found a gate to the Vaults.
 12962 | D:14     | Reached skill level 17 in Dodging
 13327 | D:15     | Entered Level 15 of the Dungeon
 13409 | D:15     | Reached skill level 15 in Fighting
 13724 | D:15     | Reached XP level 14. HP: 55/123 MP: 14/14
 13940 | D:15     | Found a staircase to the Depths.
 14101 | D:15     | Found a shadowy altar of Dithmenos.
 14493 | D:10     | Killed a brown very ugly thing
 14496 | D:10     | Reached skill level 18 in Dodging
 14613 | D:10     | Found a runed translucent gate.
 14613 | D:10     | Found a runed translucent gate.
 14616 | D:10     | Found a runed translucent gate.
 14624 | D:10     | Noticed acidapple's ghost (journeyman DgFE)
 14682 | Lair:1   | Entered Level 1 of the Lair of Beasts
 15049 | Lair:1   | Identified a scroll of acquirement
 15714 | Lair:2   | Found a staircase to the Swamp.
 16040 | Lair:3   | Reached ****** piety under Trog
 16240 | Lair:2   | HP: 6/125 [15-headed hydra (7)]
 16240 | Lair:2   | HP: 2/125 [15-headed hydra (4)]
 16240 | Lair:2   | Mangled by a 15-headed hydra

Skill      XL: |  1  2  3  4  5  6  7  8  9 10 11 12 13 14 |
---------------+-------------------------------------------+-----
Dodging        | 3 4 5 6 7 8 10 12 14 15 17 18 | 18.4
Polearms       | 5 6 7 8 10 11 13 15 16 17 | 17.5
Fighting       | 4 5 6 7 9 10 12 13 15 16 | 16.0
Armour         | |  1.3

Action                   |  1- 3 |  4- 6 |  7- 9 | 10-12 | 13-15 || total
-------------------------+-------+-------+-------+-------+-------++-------
Melee: Spear             |    80 |    19 |       |       |       ||    99
       Trident           |       |   122 |   305 |   705 |   149 ||  1281
       Glaive            |       |       |       |       |   541 ||   541
Invok: Berserk           |     1 |       |     4 |    18 |     7 ||    30
       Trog's Hand       |       |       |       |     5 |     3 ||     8
       Brothers in Arms  |       |       |       |     1 |     2 ||     3
Evoke: Wand              |       |       |       |    22 |       ||    22
       Lamp of fire      |       |       |       |     1 |       ||     1
  Use: Scroll            |       |       |       |    19 |     9 ||    28
       Potion            |       |       |       |     5 |     3 ||     8
 Stab: Petrified         |       |       |       |       |     2 ||     2
  Eat: Chunk             |       |     5 |    10 |    20 |    11 ||    46
       Ration            |       |       |     1 |     6 |     4 ||    11
Armor: Animal skin       |     3 |       |       |       |       ||     3
       Chain mail        |     9 |    45 |    97 |   120 |       ||   271
       Ice dragon scales |       |       |       |    23 |   171 ||   194
       Troll leather arm |       |       |       |     9 |       ||     9
       Skin              |       |       |       |       |    35 ||    35
Dodge: Dodged            |    31 |    42 |    95 |   286 |   566 ||  1020
Block: Other             |       |       |       |    29 |    60 ||    89
       Reflection        |       |       |       |     5 |     3 ||     8
